 Dungeon Crawl Stone Soup version 0.20.1-1-g8b1a95d (webtiles) character file.

0 equalderp2856 the Magician (level 1, 0/9 HPs)
             Began as a Spriggan Wizard on Aug 19, 2017.
             Was a Believer of Elyvilon.
             Slain by a hobgoblin
             ... wielding a +0 club
              (4 damage)
             ... on level 1 of the Dungeon.
             The game lasted 00:11:38 (2065 turns).

equalderp2856 the Magician (Spriggan Wizard)        Turns: 2065, Time: 00:11:39

Health: 0/9        AC:  3    Str:  3    XL:     1   Next: 8%
Magic:  3/6        EV: 18    Int: 19    God:    Elyvilon [**....]
Gold:   93         SH:  0    Dex: 14    Spells: 7/8 levels left

rFire    . . .     SeeInvis +   (weapon restricted)
rCold    . . .     Gourm    .   (shield restricted)
rNeg     . . .     Faith    .   a - +0 robe
rPois    .         Spirit   .   b - +1 hat
rElec    .         Reflect  .   (no cloak)
rCorr    .         Harm     .   (gloves unavailable)
MR       .....                  (boots unavailable)
Stlth    ++........             (no amulet)
Regen    0.1/turn               (no ring)
MPRegen  0.1/turn               (no ring)

@: very quick
A: unfitting armour, see invisible, herbivore 3, speed 3, slow metabolism 2
a: Lesser Healing, Heal Other, Divine Protection, Renounce Religion


You were on level 1 of the Dungeon.
You worshipped Elyvilon.
Elyvilon was pleased with you.
You were not hungry.

You visited 1 branch of the dungeon, and saw 6 of its levels.

You collected 93 gold pieces.

Inventory:

Armour
 a - a +0 robe (worn)
 b - a +1 hat (worn)
Jewellery
 j - an uncursed ring of ice {unknown}
Scrolls
 e - a scroll of identify
 f - 2 scrolls of remove curse
Potions
 h - a potion of brilliance {unknown}
 i - a potion of cancellation {unknown}
 k - a potion of flight {unknown}
 l - a potion of curing
Books
 c - a book of Minor Magic

   Spells                             Type                      Level
   a - Magic Dart                     Conjuration                  1
   b - Blink                          Translocation                2
   c - Call Imp                       Summoning                    2
   d - Slow                           Hexes                        2
   e - Conjure Flame                  Conjuration/Fire             3
   f - Mephitic Cloud                 Conjuration/Poison/Air       3
 g - a book of Annihilations

   Spells                             Type                      Level
   a - Poison Arrow                   Conjuration/Poison           6
   b - Chain Lightning                Conjuration/Air              8
   c - Lehudib's Crystal Spear        Conjuration/Earth            8
   d - Glaciate                       Conjuration/Ice              9
   e - Fire Storm                     Conjuration/Fire             9
Comestibles
 d - 4 bread rations


   Skills:
 + Level 3.0 Dodging
 + Level 3.0 Stealth
 + Level 4.0 Spellcasting
 + Level 0.6 Conjurations
   Level 0.7 Summonings
   Level 1.5 Translocations


You had 7 spell levels left.
You knew the following spells:

 Your Spells              Type           Power        Failure   Level  Hunger
a - Magic Dart            Conj           #...         11%         1    None


Dungeon Overview and Level Annotations

Branches:
Dungeon (6/15)
 Temple: D:4-7

Altars:
Cheibriados
Elyvilon
Zin

Annotations:
D:2 Terence
D:5 Blork the orc


Innate Abilities, Weirdness & Mutations

You are very small and have problems with some larger weapons.
You are too small for most types of armour.
You have supernaturally acute eyesight. (SInv)
You are a herbivore.
You cover ground extremely quickly.
You need consume almost no food.


Message History

Found a spear.
The hobgoblin shouts!
The goblin barely misses you.
The hobgoblin hits you but does no damage.
Okay, then.
You are healed.
You feel somewhat more hungry. The goblin completely misses you.
You barely miss the goblin. The hobgoblin misses you.
The goblin hits you but does no damage.
Unknown command.
Unknown command.
Press: ? - help, Dir - move target cursor, f - goblin Heal: a goblin, wielding a club The goblin turns neutral.
You feel quite a bit more hungry. The hobgoblin hits you with a club.
The goblin misses you. The hobgoblin misses you. The goblin barely misses you.
The hobgoblin barely misses you. The goblin closely misses you.
The hobgoblin hits you with a club. The goblin hits you but does no damage.
The hobgoblin hits you with a club.
You die...

.# #...#.#.##.#....#
#.
.####...#.#.##.#..###
#.
..........#.##.#..#
+. .#######.##.#
#..###### #. .# #.#
.# #.......# #.#. ##
###'##.# #.......+
..#. #......#
#g#.....# #.##
#......+ #g#.....#
#... #......#
#@#.....# ##...
#......# #g#)....'
+.... #......# #..
....# #....
#......#...... ....
#.... ###'####.######
#+##..#. ###'####.#
#r##..#. #........#
##+##..##
#........#######
#........
#........##....#
#......##


You could see a hobgoblin, a goblin and a neutral goblin (wandering).

Vanquished Creatures (others)
  9 toadstools (D:2)
9 creatures vanquished.

Notes
Turn   | Place    | Note
-------+----------+-------------------------------------------
     0 | D:1      | equalderp2856 the Spriggan Wizard began the quest for the Orb.
     0 | D:1      | Reached XP level 1. HP: 9/9 MP: 6/6
   286 | D:2      | Noticed Terence
   369 | D:4      | Found a snail-covered altar of Cheibriados.
   395 | D:4      | Found a glowing silver altar of Zin.
   485 | D:4      | Noticed a gnoll shaman
   501 | D:4      | Noticed an orc wizard
   509 | D:5      | Entered Level 5 of the Dungeon
   515 | D:6      | Noticed a hound
   521 | D:5      | Noticed a worker ant
   563 | D:5      | Found a white marble altar of Elyvilon.
   582 | D:5      | Became a worshipper of Elyvilon the Healer
   594 | D:5      | Noticed Blork the orc
   758 | D:4      | Noticed a scorpion
  1021 | D:4      | Noticed an iguana
  1039 | D:4      | Noticed an orc wizard
  1220 | D:1      | Reached * piety under Elyvilon
  1325 | D:1      | You fall through a shaft!
  1430 | D:3      | Noticed an orc wizard
  1809 | D:2      | Reached ** piety under Elyvilon
  2065 | D:1      | Slain by a hobgoblin

Action                   || total
-------------------------++-------
Melee: Unarmed           ||     3
Invok: Lesser Healing    ||     1
       Heal Other        ||     1
  Use: Scroll            ||     8
       Potion            ||     1
Armor: Robe              ||    17
Dodge: Dodged            ||    86
